 Dungeon Crawl Stone Soup version 0.30.0-29-ga12c61a403 (webtiles) character file.

Game seed: 13321964936482209321

1439 McKennaii the Caller (level 8, -7/57 HPs)
             Began as a Demigod Summoner on June 8, 2023.
             Engulfed by a steam dragon's steam (13 damage)
             ... on level 6 of the Dungeon.
             The game lasted 00:12:03 (6116 turns).

McKennaii the Caller (Demigod Summoner)             Turns: 6116, Time: 00:12:04

Health: -7/57      AC:  8    Str:  9    XL:     8   Next: 22%
Magic:  17/19      EV: 11    Int: 25    God:
Gold:   83         SH:  0    Dex: 14    Spells: 11/17 levels left

rFire   . . .        f - +0 scythe (venom)
rCold   + . .        (shield currently unavailable)
rNeg    . . .        e - +1 ring mail {rC+}
rPois   .            r - +2 hat
rElec   .            (no cloak)
rCorr   .            (no gloves)
SInv    .            (no boots)
Will    .....        (no amulet)
Stlth   +            (no ring)
HPRegen 0.29/turn    (no ring)
MPRegen 0.16/turn

%: no passive effects
@: no status effects
A: high MP 1, forlorn, divine attributes
a: no special abilities


You were on level 6 of the Dungeon.
You visited 1 branch of the dungeon, and saw 6 of its levels.

You collected 193 gold pieces.
You spent 110 gold pieces at shops.

Inventory:

Hand Weapons
 f - a +0 scythe of venom (weapon)
Armour
 a - a +1 plate armour of willpower
 e - a +1 ring mail of cold resistance (worn)
 r - a +2 hat (worn)
 u - the +1 leather armour of the Eight Boll Weevils {rElec}
   (You found it on level 5 of the Dungeon)

   rElec:     It insulates you from electricity.
Scrolls
 c - 2 scrolls of vulnerability
 d - a scroll of brand weapon {unknown}
 g - 2 scrolls of blinking
 j - 2 scrolls of immolation
 k - a scroll of fog
 m - 2 scrolls of magic mapping {unknown}
 p - 3 scrolls of identify
 s - a scroll of fear {unknown}
Potions
 b - a potion of magic
 h - a potion of mutation {unknown}
 i - 2 potions of lignification
 l - 4 potions of heal wounds
 n - a potion of attraction {unknown}
 o - 2 potions of curing
 q - 3 potions of resistance {unknown}
 t - a potion of haste {unknown}


   Skills:
 + Level 3.6 Armour
 - Level 4.2 Dodging
 - Level 1.7 Stealth
 + Level 5.3 Spellcasting
 + Level 6.6 Summonings


You had 11 spell levels left.
You knew the following spells:

 Your Spells              Type           Power      Damage    Failure   Level
a - Summon Small Mammal   Summ           100%       N/A       1%          1
b - Call Imp              Summ           80%        N/A       1%          2
c - Call Canine Familiar  Summ           40%        N/A       4%          3

Your spell library contained the following spells:

 Spells                   Type           Power      Damage    Failure   Level
 Summon Guardian Golem    Hex/Summ       23%        N/A       16%         3
 Summon Lightning Spire   Summ/Air       23%        N/A       45%         4


Dungeon Overview and Level Annotations

Branches:
Dungeon (6/15)             Temple (0/1) D:6

Shops:
D:2 *


Innate Abilities, Weirdness & Mutations

You have an increased reservoir of magic. (+10% MP)
You shall have no god before yourself.
Your divine heritage dramatically boosts your attributes as you level up.


Message History

The steam dragon barely misses you. The steam dragon claws you.
Your hound is engulfed in a cloud of scalding steam.
The steam dragon closely misses you. The steam dragon claws you.
Your cerulean imp is engulfed in a cloud of scalding steam.
Your cerulean imp hits the steam dragon from afar with a +0 spear.
Your hound is engulfed in a cloud of scalding steam.
Your hound barely misses the steam dragon.
You hit the steam dragon but do no damage.
The steam dragon is poisoned.
The steam dragon is lightly wounded.
Your hound is engulfed in a cloud of scalding steam.
Your hound dies!
Your hound's corpse disappears in a puff of smoke!
The steam dragon bites you but does no damage.
The steam dragon claws you but does no damage.
Your cerulean imp hits the steam dragon from afar with a +0 spear.
The steam dragon bites you. The steam dragon barely misses you.
You barely miss the steam dragon.
The steam dragon is moderately wounded.
Your cerulean imp hits the steam dragon but does no damage.
The steam dragon breathes steam at you. The ball of steam misses you.
Your cerulean imp barely misses the steam dragon.
Unknown command.
You puncture the steam dragon!
The steam dragon looks as sick as possible!
The steam dragon is heavily wounded.
You are engulfed in a cloud of scalding steam.
* * * LOW HITPOINT WARNING * * *
The steam dragon bites you.
* * * LOW HITPOINT WARNING * * *
The steam dragon claws you but does no damage.
Your cerulean imp completely misses the steam dragon.
The steam dragon bites you.
* * * LOW HITPOINT WARNING * * *
The steam dragon closely misses you.
You closely miss the steam dragon.
The steam dragon is severely wounded.
You are engulfed in a cloud of scalding steam.
You die...

## .# .# .# .#####
.>...# ..##.####
############
.........####...........
...............D@#
#.######.#######.#
#^######.# #5# ....
....# #.# ..## #..# #.#
..## #..#######.#######
...# #................#
...# ##.#######.#####.#
...# #.# #.#


You could see a steam dragon (extremely poisoned, ally target) and a friendly
cerulean imp (summoned).

Vanquished Creatures
  Sigmund (D:2)
  An ice beast (D:6)
  An ogre (D:5)
  A phantom (D:6)
  2 scorpions
  3 hounds
  An orc priest (D:5)
  3 iguanas
  An orc wizard (D:5)
  4 adders
  An ufetubus (D:6)
  2 dart slugs
  4 orcs (D:4)
  A giant cockroach (D:1)
  A goblin (D:2)
  2 hobgoblins
  3 quokkas
  2 ball pythons (D:4)
  3 kobolds
37 creatures vanquished.

Vanquished Creatures (collateral kills)
  An orc warrior (D:5)
  An ice beast (D:6)
  5 hounds
  A jelly (D:5)
  An orc priest (D:5)
  2 iguanas
  5 gnolls
  5 adders
  3 worms
  A dart slug (D:2)
  3 orcs
  3 bats
  7 endoplasms
  4 giant cockroaches
  5 goblins
  6 hobgoblins
  9 jackals
  3 kobolds
  2 quokkas
  8 ball pythons
  3 frilled lizards
  4 rats
82 creatures vanquished.

Grand Total: 119 creatures vanquished

Notes
Turn   | Place    | Note
-------+----------+-------------------------------------------
     0 | D:1      | McKennaii the Demigod Summoner began the quest for the Orb.
     0 | D:1      | Reached XP level 1. HP: 14/14 MP: 5/5
   264 | D:1      | Reached XP level 2. HP: 17/20 MP: 7/7
  1019 | D:1      | Reached skill level 4 in Summonings
  1019 | D:1      | Reached XP level 3. HP: 26/26 MP: 7/9
  1064 | D:1      | Learned a level 2 spell: Call Imp
  2096 | D:2      | Noticed Sigmund
  2099 | D:2      | Reached XP level 4. HP: 33/33 MP: 10/10
  2114 | D:2      | HP: 1/33 [ball python (3)]
  3480 | D:3      | Reached XP level 5. HP: 15/38 MP: 9/12
  3820 | D:2      | Killed Sigmund
  3821 | D:2      | Reached skill level 5 in Summonings
  3821 | D:2      | Reached XP level 6. HP: 16/45 MP: 8/14
  3957 | D:2      | Found Xeuxeax's General Store.
  3969 | D:2      | Bought 2 potions of heal wounds for 110 gold pieces
  4258 | D:4      | Learned a level 3 spell: Call Canine Familiar
  4788 | D:5      | Entered Level 5 of the Dungeon
  4857 | D:5      | Reached skill level 1 in Armour
  4857 | D:5      | Reached XP level 7. HP: 50/50 MP: 13/16
  4947 | D:5      | HP: 2/50 [orc warrior/+0 glaive (13)]
  5069 | D:5      | Reached skill level 6 in Summonings
  5416 | D:5      | Identified the +1 leather armour of the Eight Boll Weevils
                  | {rElec}
  5914 | D:6      | Reached skill level 5 in Spellcasting
  5970 | D:6      | Found a staircase to the Ecumenical Temple.
  5995 | D:6      | Reached XP level 8. HP: 50/57 MP: 17/19
  6116 | D:6      | Engulfed by a steam dragon's steam

Illustrated notes

Levels and vault maps discovered:
D:1:      minmay_arrival_arboretum_small, layout_basic, chequers_mini_garden,
          minmay_3d_cube
D:2:      layout_basic, serial_shops, shop, ebering_ecumenical_altar_hall,
          st_stairs_2, uniq_sigmund
D:3:      layout_loops_cross, patterned_corridor
D:4:      layout_cave_pools, lemuel_crystal_altar
D:5:      layout_loops_ring, gammafunk_temple_overflow_wave, serial_bayou_pond_b
D:6:      layout_loops_ring, temple_pool_b, gup_sewer_entry_bubbles

Skill      XL: |  1  2  3  4  5  6  7 |
---------------+----------------------+-----
Dodging        | 2 3 4 |  4.2
Spellcasting   | 2 3 4 5 |  5.3
Summonings     | 4 5 6 |  6.6
Armour         | 1 3 |  3.6
Stealth        | |  1.7

Action                     |  1- 3 |  4- 6 |  7- 9 || total
---------------------------+-------+-------+-------++-------
  Melee: Unarmed           |    83 |     3 |       ||    86
         Punch             |     1 |       |       ||     1
         Spear             |       |    34 |       ||    34
         Halberd           |       |    48 |    72 ||   120
   Cast: Summon Small Mamm |    44 |    20 |       ||    64
         Call Imp          |    18 |    28 |     4 ||    50
         Call Canine Famil |       |     5 |    11 ||    16
    Use: Scroll            |       |     6 |       ||     6
         Potion            |       |     2 |     1 ||     3
   Stab: Sleeping          |     4 |     3 |       ||     7
         Distracted        |       |     3 |     1 ||     4
 Armour: Robe              |    22 |     7 |     9 ||    38
         Skin              |       |     7 |       ||     7
         Ring mail         |       |       |    19 ||    19
  Dodge: Dodged            |    98 |    55 |    44 ||   197
